 Dungeon Crawl Stone Soup version 0.20-a0-941-gba1b1f9 (webtiles) character file.

63 galech the Shield-Bearer (level 3, 13/34 HPs)
             Began as a Deep Dwarf Fighter on Mar 31, 2017.
             Quit the game on level 2 of the Dungeon.
             The game lasted 00:02:07 (1023 turns).

galech the Shield-Bearer (Deep Dwarf Fighter)       Turns: 1023, Time: 00:02:08

Health: 13/34      AC:  6    Str: 20    XL:     3   Next: 87%
Magic:  3/3        EV:  7    Int:  8    God:
Gold:   75         SH:  9    Dex: 12    Spells: 2/2 levels left

rFire    . . .     SeeInvis .   a - +0 war axe
rCold    . . .     Gourm    .   c - +0 shield
rNeg     . . .     Faith    .   b - +0 scale mail
rPois    .         Spirit   .   (no helmet)
rElec    .         Reflect  .   (no cloak)
rCorr    .         Harm     .   (no gloves)
MR       .....                  (no boots)
Stlth    ..........             (no amulet)
Regen    0.0/turn               (no ring)
MPRegen  0.1/turn               (no ring)

@: non-regenerating, drained
A: damage resistance, heal wounds, sense surroundings 1, no regeneration
a: Heal Wounds


You were on level 2 of the Dungeon.
You were not hungry.

You visited 1 branch of the dungeon, and saw 2 of its levels.

You collected 75 gold pieces.

Inventory:

Hand Weapons
 a - a +0 war axe (weapon)
 o - a +0 spear of piercing
Armour
 b - a +0 scale mail (worn)
 c - a +0 shield (worn)
Scrolls
 e - a scroll of fear {unknown}
 h - 4 scrolls of identify {unknown}
 k - a scroll of magic mapping {unknown}
 n - a scroll of teleportation {unknown}
Potions
 d - a potion of might
 j - a potion of mutation {unknown}
 l - 2 potions of berserk rage {unknown}
 m - a potion of heal wounds {unknown}
Comestibles
 f - 2 bread rations
 g - 3 chunks of flesh
 i - 2 royal jellies


   Skills:
 + Level 3.1(2.7) Fighting
 + Level 3.0(2.6) Axes
 + Level 3.8(3.3) Armour
 + Level 0.2(0.0) Dodging
 + Level 3.9(3.4) Shields


You had 2 spell levels left.
You didn't know any spells.

Dungeon Overview and Level Annotations

Branches:
Dungeon (2/15)

Altars:


Innate Abilities, Weirdness & Mutations

You are resistant to damage.
You can heal yourself by infusing magical energy.
You passively map a small area around you.
You do not regenerate.


Message History

The kobold hits you with a vampiric dagger.
The kobold draws strength from your wounds!
The kobold hits you but does no damage.
You closely miss the kobold.
The kobold is moderately wounded.
You block the kobold's attack.
You barely miss the kobold.
The kobold is moderately wounded.
The kobold closely misses you. You block the kobold's attack.
Your shield and scale mail prevent you from hitting the kobold.
The kobold is moderately wounded.
The kobold hits you with a vampiric dagger.
The kobold draws strength from your wounds!
You hit the kobold.
The kobold is heavily wounded.
You block the kobold's attack. x2
You hit the kobold.
You kill the kobold!
You see here a vampiric dagger.
Are you sure you want to abandon this character and quit the game? (Confirm with "yes".)

#####......#. ... ,
...##....... , ,#.....,
, * ...........#
#####...... * ,
...##......#
#.........., *
...#.......###..>.......
...........##...........
...##......#..........?#
,
...#####.##..#..........
,
....####.##.##.(@.......
,
.............#..).......
...#.........#.........#
,
#####........#...♣♣.♣♣.#
, #...........#...♣ .♣ #
#.##........####♣ . #
#.####..## < * ♣, #.#
**#... , * * * #.. ### ,


There were no monsters in sight!

Vanquished Creatures
  An adder (D:2)
  4 dart slugs
  2 leopard geckos
  9 bats
  2 giant cockroaches (D:2)
  6 hobgoblins
  6 kobolds
  A quokka (D:2)
  2 frilled lizards
  6 goblins
  A rat (D:1)
40 creatures vanquished.

Notes
Turn   | Place    | Note
-------+----------+-------------------------------------------
     0 | D:1      | galech the Deep Dwarf Fighter began the quest for the Orb.
     0 | D:1      | Reached XP level 1. HP: 20/20 MP: 1/1
   111 | D:1      | Reached XP level 2. HP: 25/27 MP: 2/2
   584 | D:1      | Reached XP level 3. HP: 27/34 MP: 3/3
  1023 | D:2      | Quit the game

Vault maps used:
D:1:      dpeg_arrival_long_road, serial_curves, eino_curves_01, eino_curves_02
D:2:      lemuel_coloured_pillars_altar, first_bread, serial_forest,
          infiniplex_forest_straight_1, infiniplex_forest_clump_curved,
          infiniplex_forest_join, infiniplex_forest_straight_5,
          infiniplex_forest_clump_curved, infiniplex_forest_end_2,
          okawaru_ov_weapons_minmay, uniq_jessica

Skill      XL: |  1  2  3 |
---------------+----------+-----
Fighting       | 3 |  3.1
Axes           | 3 |  3.0
Armour         | |  3.8
Dodging        | |  0.2
Shields        | |  3.9

Action                   || total
-------------------------++-------
Melee: War axe           ||   118
  Eat: Chunk             ||     1
Armor: Scale mail        ||    70
Dodge: Dodged            ||    43
Block: Shield            ||    75
